 Dungeon Crawl Stone Soup version 0.21-a0-2-ge494091 (webtiles) character file.

21 Eptagon the Sneak (level 2, 0/17 HPs)
             Began as an Octopode Enchanter on May 22, 2017.
             Slain by an adder (2 damage)
             ... on level 1 of the Dungeon.
             The game lasted 00:02:54 (735 turns).

Eptagon the Sneak (Octopode Enchanter)               Turns: 735, Time: 00:02:54

Health: 0/17       AC:  1    Str: 11 (12) XL:     2   Next: 83%
Magic:  0/5        EV: 13    Int: 20 (22) God:
Gold:   33         SH:  0    Dex:  9 (12) Spells: 2/5 levels left

rFire    . . .     SeeInvis .   a - +1 dagger
rCold    . . .     Gourm    .   (no shield)
rNeg     . . .     Faith    .   (helmet restricted)
rPois    .         Spirit   .   (no amulet)
rElec    .         Reflect  .   (no ring)
rCorr    .         Harm     .   (no ring)
MR       .....                  (no ring)
Stlth    +++.......             (no ring)
Regen    0.1/turn               (no ring)
MPRegen  0.1/turn               (no ring)
                                (no ring)
                                (no ring)

@: mighty, brilliant, very slightly contaminated
A: almost no armour, stealthy swim, amphibious, 8 rings, constrict 8, camouflage
1, gelatinous body 1
a: no special abilities


You were on level 1 of the Dungeon.
You were not hungry.

You visited 1 branch of the dungeon, and saw 1 of its levels.

You collected 33 gold pieces.

Inventory:

Hand Weapons
 a - a +1 dagger (weapon)
Scrolls
 h - a scroll of identify {unknown}
Books
 b - a book of Maledictions

   Spells                             Type                      Level
   a - Corona                         Hexes                        1
   b - Ensorcelled Hibernation        Hexes/Ice                    2
   c - Confuse                        Hexes                        3
   d - Tukima's Dance                 Hexes                        3
   e - Dazzling Spray                 Conjuration/Hexes            3
Comestibles
 c - 2 bread rations
 g - 3 chunks of flesh


   Skills:
 - Level 1.0 Short Blades
 - Level 2.0 Dodging
 + Level 4.6 Stealth
 + Level 2.2 Spellcasting
 + Level 3.3 Hexes


You had 2 spell levels left.
You knew the following spells:

 Your Spells              Type           Power        Failure   Level  Hunger
a - Corona                Hex            ####...      1%          1    #......
b - Ensorcelled Hibernat  Hex/Ice        ###...       1%          2    ##.....


Dungeon Overview and Level Annotations

Branches:
Dungeon (1/15)

Altars:


Innate Abilities, Weirdness & Mutations

You cannot wear most types of armour.
You are very stealthy in the water. (Stealth+)
You are amphibious.
You can wear up to eight rings at the same time.
You can use your tentacles to constrict eight enemies at once.
Your skin changes colour to match your surroundings (Stealth+).
Your rubbery body absorbs attacks. (AC +1, EV +1)


Message History

Aiming: Ensorcelled Hibernation
Press: ? - help, Shift-Dir - straight line, f/p - adder
Aim: an adder (chance to defeat MR: 48%)
You miscast Ensorcelled Hibernation.
You are very lightly contaminated with residual magic.
Multicoloured lights dance before your eyes!
The adder barely misses you. The adder closely misses you.
It was a potion of might.
You feel very mighty all of a sudden. The adder bites you.
You closely miss the adder. Your grab misses the adder. The adder bites you.
* * * LOW HITPOINT WARNING * * *
It was a potion of degeneration.
There was something very wrong with that liquid.
You feel weakened.
You feel dopey.
You feel clumsy. The adder barely misses you.
It was a potion of brilliance.
You feel clever all of a sudden. The adder bites you but does no damage.
The adder bites you.
You die...

#.#.##....# #....####.#.#
#.#.##.#### #.###....#.#.#
#.#.##.# #.# #....#÷#.#
######.#†##.# #.#
#....).#.#
.........>..###.#
####....#.#.#
....##.###.....#
#.......#.#.# . #.#.......#
#.....#.#.#.#
##.#.......####......†..#.#
+..........S@......######.#
##..........#.#...........#
##.........#.#############
#.......#.#.# #..##..##.#.#
#.........#.# ###.#.#.###.#
#.#.#.###.# ####.......#.#


You could see an adder.

Vanquished Creatures
  A gnoll (D:1)
  A dart slug (D:1)
  2 bats (D:1)
  2 giant cockroaches (D:1)
  A hobgoblin (D:1)
  3 rats (D:1)
10 creatures vanquished.

Notes
Turn   | Place    | Note
-------+----------+-------------------------------------------
     0 | D:1      | Eptagon the Octopode Enchanter began the quest for the Orb.
     0 | D:1      | Reached XP level 1. HP: 11/11 MP: 3/3
   565 | D:1      | Reached XP level 2. HP: 10/17 MP: 5/5
   649 | D:1      | Learned a level 2 spell: Ensorcelled Hibernation
   735 | D:1      | Slain by an adder

Vault maps used:
D:1:      dpeg_arrival_prison, minivault_24

Action                   || total
-------------------------++-------
Melee: Dagger            ||    27
       Constrict         ||     3
       Tentacles         ||     3
 Cast: Ensorcelled Hiber ||     3
  Use: Potion            ||     3
 Stab: Sleeping          ||     4
Armor: Skin              ||     3
Dodge: Dodged            ||    23
